 Dungeon Crawl Stone Soup version 0.17-a0-737-gf0a300a (webtiles) character file.

1100 Ngotmuk the Chopper (level 8, -3/76 HPs)
             Began as a Deep Dwarf Fighter on May 8, 2015.
             Killed from afar by a steam dragon (12 damage)
             ... with a ball of steam
             ... on level 5 of the Dungeon.
             The game lasted 00:11:12 (3976 turns).

Ngotmuk the Chopper (Deep Dwarf Fighter)            Turns: 3976, Time: 00:11:12

Health: -3/76      AC: 14    Str: 22    XL:     8   Next: 10%
Magic:  8/8        EV:  4    Int:  9    God:
Gold:   192        SH: 10    Dex: 12    Spells: 0 memorised, 7 levels left

rFire  . . .     SeeInvis .     a - +0 war axe
rCold  . . .     Clarity  +     v - +0 plate armour
rNeg   . . .     SustAb   .     c - +0 shield
rPois  .         Gourm    .     s - +1 hat
rElec  .         Spirit   .     (no cloak)
rCorr  .         Warding  .     q - +0 pair of gloves
rMut   .         Stasis   .     (no boots)
MR     +....                    j - amulet of clarity
Stlth  ..........               (no ring)
                                k - ring of loudness (curse)

@: non-regenerating, somewhat resistant to hostile enchantments, extremely
unstealthy
A: damage resistance, recharge devices, sense surroundings 1, slow healing 3
a: Device Recharging


You were on level 5 of the Dungeon.
You were not hungry.

You visited 1 branch of the dungeon, and saw 5 of its levels.

You collected 192 gold pieces.

Inventory:

Hand weapons
 a - a +0 war axe (weapon)
 f - a +0 blowgun
Missiles
 b - 4 poisoned needles
 u - a curare-tipped needle
Armour
 c - a +0 shield (worn)
 q - a +0 pair of gloves (worn)
 s - a +1 hat (worn)
 v - a +0 plate armour (worn)
Jewellery
 j - an amulet of clarity (around neck)
 k - a cursed ring of loudness (left hand)
 B - a cursed -2 ring of strength {unknown}
Magical devices
 e - a wand of heal wounds (2)
Scrolls
 i - 8 scrolls of identify {unknown}
 l - 2 scrolls of random uselessness {unknown}
 n - 4 scrolls of fear {unknown}
 r - 4 scrolls of remove curse {unknown}
 t - 2 scrolls of teleportation {unknown}
 y - 2 scrolls of amnesia {unknown}
 z - 2 scrolls of immolation {unknown}
Potions
 d - 2 potions of might
 g - a potion of restore abilities {unknown}
 h - 3 potions of curing {unknown}
 m - a potion of mutation {unknown}
 o - a potion of brilliance {unknown}
 w - a potion of resistance {unknown}
 A - 2 potions of magic {unknown}
Comestibles
 p - 5 meat rations
 x - a bread ration


   Skills:
 * Level 5.8 Fighting
 * Level 6.1 Axes
 + Level 5.5 Armour
 + Level 5.1 Shields


You had 7 spell levels left.
You didn't know any spells.

Dungeon Overview and Level Annotations

Branches:
Dungeon (5/15)
 Temple: D:4-7

Altars:
Ashenzari
Qazlal
Sif Muna


Innate Abilities, Weirdness & Mutations

You are resistant to damage.
You can recharge devices by infusing magical energy.
You passively map a small area around you.
You do not heal naturally.


Message History

The steam dragon is heavily wounded.
You are engulfed in a cloud of scalding steam.
* * * LOW HITPOINT WARNING * * *
You block the steam dragon's attack.
The steam dragon claws you but does no damage.
The steam dragon bites you. The steam dragon barely misses you.
The steam dragon bites you.
* * * LOW HITPOINT WARNING * * *
You block the steam dragon's attack. The steam dragon bites you.
The steam dragon claws you but does no damage.
The steam dragon breathes steam at you. The ball of steam misses you.
The ball of steam hits the fungus.
You block the steam dragon's attack. x2
Evoke which item? (* to show all) (? for menu, Esc to quit)
Okay, then.
The fungus is engulfed in a cloud of scalding steam.
The fungus is engulfed in a cloud of scalding steam.
The steam dragon breathes steam at you. The ball of steam hits you!
You die...

* * * ... ,,, , >* .. , ,
* * #.# * * , # #.##### *
*#P. #..≈≈≈### #######PP≈≈
#..P≈.P≈#######.P≈.P≈.....
#..≈^≈.PP.P§D.............
*
#.........@§D≈.≈.≈≈...P...
#..≈P.≈.≈≈≈.#########≈P..,
, #..≈P######## P^. *
#.#### . * #.## * * * *
#..# , * #######.#### ,
#..........# #..........#
, ,


You could see 2 steam dragons.

Vanquished Creatures
  Pikel (D:5)
  3 ogres
  A scorpion (D:4)
  A crimson imp (D:5)
  A jelly (D:5)
  A centaur zombie (D:5)
  An orc wizard (D:3)
  2 worker ants (D:4)
  5 adders
  3 gnolls (D:2)
  An ooze (D:1)
  2 adder skeletons
  3 worms
  A giant gecko (D:2)
  An orc (D:4)
  3 giant cockroaches
  9 goblins
  8 hobgoblins
  10 jackals
  14 kobolds
  2 quokkas
  2 ball pythons
  6 bats
  8 giant newts
  15 rats
104 creatures vanquished.

Vanquished Creatures (others)
  A goblin (D:3)
  2 hobgoblins
3 creatures vanquished.

Grand Total: 107 creatures vanquished

Notes
Turn   | Place    | Note
--------------------------------------------------------------
     0 | D:1      | Ngotmuk, the Deep Dwarf Fighter, began the quest for the Orb.
     0 | D:1      | Reached XP level 1. HP: 20/20 MP: 1/1
   213 | D:1      | Reached XP level 2. HP: 27/27 MP: 2/2
   749 | D:2      | Found a shattered altar of Ashenzari.
   775 | D:2      | Reached XP level 3. HP: 26/34 MP: 3/3
  1278 | D:3      | Reached XP level 4. HP: 6/43 MP: 4/4
  1424 | D:3      | Found a stormy altar of Qazlal.
  1549 | D:3      | Reached skill level 4 in Armour
  1551 | D:3      | Found a deep blue altar of Sif Muna.
  2145 | D:2      | Reached XP level 5. HP: 37/50 MP: 5/5
  2666 | D:4      | Noticed an ogre
  2870 | D:4      | Noticed an ogre
  2881 | D:4      | Killed an ogre
  2881 | D:4      | Reached XP level 6. HP: 32/58 MP: 6/6
  3155 | D:4      | Killed an ogre
  3453 | D:5      | Entered Level 5 of the Dungeon
  3507 | D:5      | Reached XP level 7. HP: 20/66 MP: 7/7
  3579 | D:5      | Reached skill level 5 in Armour
  3605 | D:5      | Reached skill level 5 in Fighting
  3606 | D:5      | Noticed Pikel
  3636 | D:5      | Killed Pikel
  3636 | D:5      | Reached skill level 5 in Axes
  3636 | D:5      | Reached skill level 5 in Shields
  3636 | D:5      | Reached XP level 8. HP: 34/76 MP: 8/8
  3740 | D:5      | Reached skill level 6 in Axes
  3949 | D:5      | Noticed a steam dragon
  3960 | D:5      | Noticed a steam dragon
  3976 | D:5      | Killed from afar by a steam dragon

Action                   |  1- 3 |  4- 6 |  7- 9 || total
-------------------------+-------+-------+-------++-------
Melee: War axe           |   137 |   171 |    76 ||   384
 Fire: Blowgun           |       |    14 |     4 ||    18
Evoke: Wand              |       |     1 |     2 ||     3
  Eat: Pizza             |     1 |       |       ||     1
       Bread ration      |       |     2 |       ||     2
